 Dungeon Crawl Stone Soup version 0.24.0-37-gcf1ca852f1 (webtiles) character file.

Game seed: 6872258524837069531, levelgen mode: deterministic

1292 PentaManta the Carver (level 8, -10/52 HPs)
             Began as an Octopode Fighter on Dec 5, 2019.
             Blown up by Ijyb (20 damage)
             ... with a disintegration bolt
             ... on level 5 of the Dungeon.
             The game lasted 00:12:55 (5100 turns).

PentaManta the Carver (Octopode Fighter)            Turns: 5100, Time: 00:12:56

Health: -10/52     AC:  8    Str: 15    XL:     8   Next: 56%
Magic:  8/8        EV: 12    Int: 15    God:
Gold:   263        SH:  9    Dex: 13    Spells: 7/7 levels left

rFire    . . .     SeeInvis .   j - +0 dagger (protect)
rCold    + . .     Gourm    .   b - +1 shield
rNeg     . . .     Faith    .   (helmet restricted)
rPois    .         Spirit   .   s - amulet "Xutucs" {RegenMP rC+ Int+4}
rElec    .         Reflect  .   (no ring)
rCorr    .         Harm     .   (no ring)
MR       .....                  (no ring)
Stlth    ++........             (no ring)
HPRegen  0.17/turn              (no ring)
MPRegen  0.36/turn              (no ring)
                                (no ring)
                                (no ring)

@: lethally poisoned (-10 -> -21), protection aura
A: almost no armour, stealthy swim, amphibious, 8 rings, constrict 8, camouflage
1, gelatinous body 1
a: no special abilities


You were on level 5 of the Dungeon.
You were hungry.

You visited 1 branch of the dungeon, and saw 6 of its levels.

You collected 263 gold pieces.

Inventory:

Hand Weapons
 a - a +0 long sword
 j - a +0 dagger of protection (weapon)
 o - a +3 short sword of freezing
 t - a +0 dagger of electrocution
 u - the +3 hand axe "Guatelef" {venom, rPois SInv}
   (You found it on level 5 of the Dungeon)

   It poisons the flesh of those it strikes.
   It protects you from poison.
   It lets you see invisible.
Armour
 b - a +1 shield (worn)
Jewellery
 g - an uncursed ring of ice
 s - the amulet "Xutucs" (around mantle) {RegenMP rC+ Int+4}
   (You found it on level 4 of the Dungeon)

   [amulet of magic regeneration]

   It increases your magic regeneration.
   It affects your intelligence (+4).
   It protects you from cold.
Scrolls
 f - 4 scrolls of teleportation
 h - a scroll of enchant weapon
 i - 2 scrolls of magic mapping
 k - 2 scrolls of remove curse
 n - 2 scrolls of identify
 q - a scroll of enchant armour
Potions
 c - a potion of might
 e - a potion of flight
 l - a potion of heal wounds
 r - 2 potions of curing {unknown}
Comestibles
 d - 8 rations


   Skills:
 - Level 3.0 Fighting
 + Level 10.2 Long Blades
 - Level 3.0 Dodging
 - Level 3.0 Shields


You had 7 spell levels left.
You didn't know any spells.
Your spell library contained the following spells:

 Spells                   Type           Power        Failure   Level  Hunger
 Magic Dart               Conj           #...         77%         1    ##.....
 Blink                    Tloc           N/A          88%         2    ###....
 Call Imp                 Summ           #.......     88%         2    ###....
 Slow                     Hex            #.......     88%         2    ###....
 Conjure Flame            Conj/Fire      #.......     98%         3    ####...
 Mephitic Cloud           Conj/Pois/Air  #.......     98%         3    ####...


Dungeon Overview and Level Annotations

Branches:
Dungeon (6/15)             Temple (0/1) D:4

Altars:

Annotations:
D:5 Ijyb


Innate Abilities, Weirdness & Mutations

You cannot wear most types of armour.
You are very stealthy in the water. (Stealth+)
You are amphibious.
You can wear up to eight rings at the same time.
You can use your tentacles to constrict eight enemies at once.
Your skin changes colour to match your surroundings (Stealth+).
Your rubbery body absorbs attacks. (AC +1, EV +1)


Message History

You hit Ijyb but do no damage. You squeeze Ijyb.
Ijyb is heavily wounded.
You constrict Ijyb.
You feel sick. Ijyb hits you.
* * * LOW HITPOINT WARNING * * *
You hit Ijyb but do no damage.
Ijyb is heavily wounded.
You constrict Ijyb.
* * * LOW HITPOINT WARNING * * *
You feel sick.
You completely miss Ijyb.
Ijyb is severely wounded.
You constrict Ijyb.
* * * LOW HITPOINT WARNING * * *
You feel sick.
Ijyb screams, "No!
No, no, no, no!"
Ijyb closely misses you.
You hit Ijyb.
Ijyb is severely wounded.
You constrict Ijyb.
Ijyb zaps a wand.
You are blasted!
You die...

#### ############# #..
............# #.#
###########.####.###.###
#.#>..........
#.#.##.###.### ###
#...##@# ...
#####g)....... ##
#......... ####.#
#...##.##. .....# #...#
# ...... ........ ##.#.#
###.##.# # .##.# ...


You could see Ijyb.

Vanquished Creatures
  Grinder (D:5)
  Sigmund (D:5)
  Menkaure (D:4)
  A phantom (D:5)
  2 ogres
  A centaur (D:5)
  A scorpion (D:5)
  A crimson imp (D:3)
  A bullfrog skeleton (D:5)
  2 orc wizards
  3 hounds
  Terence (D:2)
  A worker ant (D:5)
  6 adders
  An ooze (D:3)
  An adder skeleton (D:5)
  4 worms
  4 dart slugs
  6 leopard geckos
  14 orcs
  2 giant cockroaches
  7 goblins
  8 hobgoblins
  6 kobolds
  A ball python (D:3)
  9 bats
  A frilled lizard (D:3)
  A giant cockroach zombie (D:5)
  A quokka zombie (D:5)
  8 rats
97 creatures vanquished.

Notes
Turn   | Place    | Note
-------+----------+-------------------------------------------
     0 | D:1      | PentaManta the Octopode Fighter began the quest for the
                  | Orb.
     0 | D:1      | Reached XP level 1. HP: 16/16 MP: 1/1
   285 | D:1      | Reached XP level 2. HP: 21/21 MP: 2/2
   341 | D:1      | Reached skill level 3 in Long Blades
   766 | D:1      | Reached XP level 3. HP: 22/26 MP: 3/3
  1109 | D:2      | Noticed Terence
  1121 | D:2      | Killed Terence
  1121 | D:2      | Reached skill level 4 in Long Blades
  1121 | D:2      | Reached XP level 4. HP: 16/31 MP: 4/4
  1900 | D:3      | Reached skill level 5 in Long Blades
  1900 | D:3      | Reached XP level 5. HP: 36/36 MP: 5/5
  2429 | D:3      | Reached skill level 6 in Long Blades
  2722 | D:4      | Noticed Menkaure
  2930 | D:4      | Killed Menkaure
  2930 | D:4      | Reached XP level 6. HP: 16/42 MP: 6/6
  3228 | D:4      | Found a staircase to the Ecumenical Temple.
  3251 | D:4      | Reached skill level 7 in Long Blades
  3259 | D:5      | Entered Level 5 of the Dungeon
  3374 | D:4      | Reached XP level 7. HP: 42/46 MP: 7/7
  3533 | D:4      | Got a coiled brass amulet
  4145 | D:5      | Noticed Grinder
  4146 | D:5      | Identified the amulet "Xutucs" {RegenMP rC+ Int+4} (You
                  | found it on level 4 of the Dungeon)
  4147 | D:5      | Paralysed by Grinder for 2 turns
  4155 | D:5      | Paralysed by Grinder for 4 turns
  4166 | D:5      | Killed Grinder
  4166 | D:5      | Reached skill level 8 in Long Blades
  4332 | D:5      | Reached skill level 9 in Long Blades
  4332 | D:5      | Reached XP level 8. HP: 20/52 MP: 8/8
  4405 | D:5      | Got a jewelled hand axe
  4406 | D:5      | Identified the cursed +3 hand axe "Guatelef" {venom, rPois
                  | SInv} (You found it on level 5 of the Dungeon)
  5077 | D:5      | Noticed Sigmund
  5087 | D:5      | Noticed Ijyb
  5093 | D:5      | Killed Sigmund
  5093 | D:5      | Reached skill level 10 in Long Blades
  5100 | D:5      | Blown up by Ijyb

Levels and vault maps discovered:
D:1:      dpeg_arrival_houses_and_road, layout_basic, minmay_heptomino_h4
D:2:      layout_basic, uniq_terence
D:3:      cheibrodos_old_hovel, layout_basic, first_ration, st_stairs_8
D:4:      layout_loops_cross, minmay_temple_entry_mini_moons, uniq_menkaure
D:5:      layout_loops_ring, minmay_checkerbox, uniq_sigmund, uniq_ijyb,
          uniq_grinder
D:6:      layout_cave_pools, grunt_temple_overflow_open, vehumet_statue,
          lemuel_doored_altar

Skill      XL: |  1  2  3  4  5  6  7  8 |
---------------+-------------------------+-----
Long Blades    | 3 4 5 6 7 9 10 | 10.2
Fighting       | |  3.0
Dodging        | |  3.0
Shields        | |  3.0

Action                   |  1- 3 |  4- 6 |  7- 9 || total
-------------------------+-------+-------+-------++-------
Melee: Long sword        |    17 |       |    10 ||    27
       Constrict         |    17 |    40 |    14 ||    71
       Tentacles         |    13 |    30 |    32 ||    75
       Dagger            |    29 |   125 |   112 ||   266
       Short sword       |       |       |     6 ||     6
  Use: Scroll            |       |    10 |     3 ||    13
       Potion            |       |       |     2 ||     2
 Stab: Sleeping          |     6 |     5 |     2 ||    13
  Eat: Chunk             |       |     8 |     1 ||     9
       Ration            |       |       |     1 ||     1
Armor: Skin              |     8 |    21 |     7 ||    36
Dodge: Dodged            |    10 |    52 |    36 ||    98
Block: Shield            |    21 |    39 |    34 ||    94
       Rpst.: Long sword |     3 |       |     1 ||     4
